AoeStats
← [RAT] G0rm

Hill Fort

506709087Analyzed
3v3 RM · 18d ago on Sep 14, 2026· 59m 54s· 6 players
Game mode
Random Map
Map size
Normal (6 player)
Population
200
Speed
Normal
Resources
Standard
Victory
Conquest
Starting age
Dark Age
Ending age
Imperial Age
RankedLock teamsTeams togetherTeam positionsShared explorationLock speedFull tech treeHidden civsTurbo modeCheats
Victory
Defeat
🇩🇪 Khmer · Germany
1661
+13
🇵🇪 Mapuche · Peru
1593
+16
🇨🇴 Hindustanis · Colombia
1541
+19
🇺🇸 Berbers · United States
1656
-18
🇳🇱 Magyars · Netherlands
1572
-15
🇷🇴 Goths · Romania
1566
-15
NoTrickPony
12:27 Feudal Age
16:28 Castle Age
14:27 Double-Bit Axe
14:38 Arson
14:43 Horse Collar
15:29 Fletching
17:15 Padded Archer Armor
18:54 Loom
19:22 Bow Saw
24:07 Bodkin Arrow
27:44 Leather Archer Armor
29:10 Ballistics
32:56 Town Watch
33:47 Wheelbarrow
36:29 Imperial Age
34:51 Malon
35:31 Elite Skirmisher
37:12 Scale Mail Armor
37:22 Forging
36:33 Pikeman
37:15 Halberdier
38:12 Chain Mail Armor
39:41 Hand Cart
40:43 Iron Casting
40:38 Plate Mail Armor
41:48 Conscription
43:16 Chemistry
41:43 Champi Runner
42:55 Plate Mail Armor
44:56 Ring Archer Armor
45:26 Blast Furnace
45:23 Butalmapu
44:41 Champi Runner
45:40 Champi Warrior
49:18 Elite Champi Warrior
55:14 Elite Bolas Rider
58:49 Elite Kona
59:54 Caravan
59:27 Demolition Ship
60:22 Clinker Construction
60:23 Careening
60:24 Masonry
60:57 Hoardings
Willox
9:30 Feudal Age
10:31 Loom
13:25 Castle Age
11:48 Double-Bit Axe
12:53 Horse Collar
14:38 Bow Saw
21:51 Scale Barding Armor
22:01 Gold Mining
22:13 Fletching
24:36 Husbandry
25:20 Forging
25:50 Wheelbarrow
26:24 Town Watch
27:46 Chain Barding Armor
33:44 Imperial Age
31:36 Bloodlines
33:01 Iron Casting
33:53 Bodkin Arrow
33:54 Cavalier
35:10 Plate Barding Armor
35:14 Conscription
36:23 Hoardings
38:07 Chemistry
41:54 Ballistics
41:40 Siege Engineers
43:14 Blast Furnace
42:39 Elite Ballista Elephant
44:05 Double Crossbow
43:39 Light Cavalry
45:04 Caravan
47:15 Bracer
48:47 Hussar
50:19 Coinage
55:22 Heavy Plow
57:26 Masonry
[MLTS] RKotzen
10:07 Feudal Age
9:38 Loom
15:29 Castle Age
13:45 Double-Bit Axe
14:52 Horse Collar
19:28 Bow Saw
19:22 Town Watch
20:48 Fervor
22:10 Husbandry
23:40 Scale Barding Armor
25:05 Chain Barding Armor
26:55 Gold Mining
27:07 Heavy Plow
28:24 Bloodlines
28:46 Forging
30:00 Wheelbarrow
33:53 Hand Cart
34:16 Gold Shaft Mining
36:43 Imperial Age
34:06 Stone Mining
35:44 Iron Casting
39:31 Plate Barding Armor
38:21 Heavy Camel Rider
44:25 Blast Furnace
43:44 Caravan
44:27 Elite Ghulam
45:28 Conscription
45:11 Grand Trunk Road
46:38 Two-Man Saw
46:14 Stone Shaft Mining
46:38 Scale Mail Armor
46:40 Squires
47:27 Town Patrol
48:39 Imperial Camel Rider
50:40 Chain Mail Armor
50:53 Arson
52:54 Siege Engineers
52:42 Guard Tower
54:44 Chemistry
54:04 Ballistics
53:50 Siege Engineers
53:56 Masonry
53:58 Fortified Wall
53:43 Murder Holes
54:23 Light Cavalry
55:04 Hussar
55:58 Fletching
57:57 Bodkin Arrow
58:43 Bracer
[RAT] Havik_AoE
10:30 Feudal Age
11:50 Loom
15:20 Castle Age
13:42 Double-Bit Axe
17:59 Bow Saw
18:23 Horse Collar
22:13 Scale Barding Armor
24:09 Chain Barding Armor
26:38 Husbandry
29:04 Wheelbarrow
31:04 Hand Cart
35:55 Imperial Age
34:06 Heavy Plow
36:12 Bloodlines
35:55 Gold Mining
37:22 Plate Barding Armor
37:19 Conscription
37:44 Fletching
38:40 Bodkin Arrow
38:54 Padded Archer Armor
42:16 Bracer
42:23 Thumb Ring
42:44 Parthian Tactics
42:52 Recurve Bow
42:48 Elite Magyar Huszar
43:56 Elite Genitour
45:26 Ballistics
46:19 Chemistry
47:11 Corvinian Army
52:16 Caravan
53:08 Town Watch
54:35 Masonry
54:45 Murder Holes
55:21 Capped Ram
56:52 Light Cavalry
58:40 Leather Archer Armor
[RAT] G0rm
9:50 Loom
12:01 Feudal Age
15:51 Castle Age
13:37 Double-Bit Axe
14:46 Man-at-Arms
15:46 Scale Mail Armor
17:42 Squires
21:14 Long Swordsman
23:24 Chain Mail Armor
26:45 Wheelbarrow
27:39 Horse Collar
28:37 Bow Saw
31:00 Heavy Plow
33:41 Hand Cart
37:19 Imperial Age
35:45 Forging
34:59 Pikeman
37:21 Halberdier
38:38 Iron Casting
38:14 Perfusion
38:36 Conscription
38:42 Gold Mining
39:31 Anarchy
39:22 Capped Ram
41:55 Blast Furnace
47:33 Masonry
48:27 Elite Huskarl
51:20 Caravan
53:31 Town Watch
59:34 Chemistry
60:42 Architecture
[RAT] Spencer
9:33 Loom
11:20 Feudal Age
15:43 Castle Age
14:01 Double-Bit Axe
14:39 Horse Collar
15:18 Fletching
16:51 Bow Saw
17:34 Town Watch
19:56 Bodkin Arrow
24:51 Ballistics
24:54 Padded Archer Armor
26:59 Heavy Plow
28:53 Gold Mining
30:52 Bloodlines
31:11 Husbandry
31:20 Stone Mining
32:44 Leather Archer Armor
34:22 Wheelbarrow
34:25 Stone Shaft Mining
33:58 Treadmill Crane
35:56 Kasbah
39:38 Imperial Age
38:07 Masonry
40:01 Scale Barding Armor
40:36 Bracer
41:37 Chemistry
40:08 Elite Camel Archer
40:57 Maghrebi Camels
41:18 Conscription
40:28 Light Cavalry
41:14 Scale Barding Armor
41:19 Forging
42:09 Ring Archer Armor
42:01 Hand Cart
42:19 Chain Barding Armor
43:37 Iron Casting
42:57 Hussar
45:33 Plate Barding Armor
46:34 Blast Furnace
49:37 Caravan
49:24 Capped Ram
52:59 Town Patrol
57:34 Coinage
57:39 Thumb Ring
57:22 Heavy Cavalry Archer
59:36 Siege Engineers
Connection lost

Rejoining the realm…

Still unreachable

The connection could not be restored.

Session expired

The server has moved on; the page needs a fresh start.